 Dungeon Crawl Stone Soup version 0.31-a0-1178-gc5c9b8f871 (webtiles) character file.

Game seed: 16537637379041468995

34939 Lobster4 the Placeless Spriggan (level 13, -10/61 HPs)
             Began as a Spriggan Warper on Dec 11, 2023.
             Was an Elder of Dithmenos.
             Killed by the air
             ... invoked by a wind drake
              (19 damage)
             ... on level 5 of the Lair of Beasts.
             The game lasted 01:39:32 (25700 turns).

Lobster4 the Placeless Spriggan (Spriggan Warper)  Turns: 25700, Time: 01:39:32

Health: -10/61     AC: 11    Str:  7    XL:     13   Next: 44%
Magic:  28/28      EV: 36    Int: 17    God:    Dithmenos [****..]
Gold:   962        SH:  0    Dex: 23    Spells: 18/32 levels left

rFire   . . .        a - +0 orcbow
rCold   . . .        (shield currently unavailable)
rNeg    . . .        I - +0 swamp dragon scales
rPois   +            Y - +0 hat of Turhuxuss {rElec Will+}
rElec   +            x - +2 cloak
rCorr   .            (gloves unavailable)
SInv    +            (boots unavailable)
Will    +++..        h - amulet of the acrobat
Stlth   ++++++       u - +6 ring of dexterity
HPRegen 0.30/turn    f - +4 ring of slaying
MPRegen 0.21/turn

%: acrobat
@: acrobatic, wreathed by umbra, very quick
A: very small, no large weapons, unfitting armour, see invisible, speed 3
a: Renounce Religion, Shadow Step


You were on level 5 of the Lair of Beasts.
You worshipped Dithmenos.
Dithmenos was greatly pleased with you.
You visited 3 branches of the dungeon, and saw 16 of its levels.

You collected 962 gold pieces.

Inventory:

Hand Weapons
 a - a +0 orcbow (weapon)
 b - a +1 dagger of electrocution
 q - a +1 short sword
 N - a +1 falchion of protection
 O - a +5 falchion
Missiles
 d - 7 darts of dispersal
 y - 3 poisoned darts
 K - a boomerang
 P - 2 atropa-tipped darts
 Q - a curare-tipped dart
 X - 2 throwing nets
Armour
 x - a +2 cloak (worn)
 F - a +2 robe of resistance
 I - +0 swamp dragon scales (worn)
 U - +0 acid dragon scales
 Y - the +0 hat of Turhuxuss (worn) {rElec Will+}
   (You acquired it on level 1 of the Lair of Beasts)

   rElec:     It insulates you from electricity.
   Will+:     It increases your willpower.
Magical Staves
 E - a staff of fire
Jewellery
 f - a +4 ring of slaying (right hand)
 h - an amulet of the acrobat (around neck)
 p - a ring of protection from fire
 u - a +6 ring of dexterity (left hand)
 M - a ring of protection from cold
Talismans
 D - a maw talisman
Wands
 k - a wand of roots (10)
 l - a wand of charming (8)
 t - a wand of polymorph (15)
 R - a wand of flame (24)
 Z - a wand of mindburst (5)
Scrolls
 c - 2 scrolls of blinking
 e - a scroll of teleportation
 j - 3 scrolls of immolation
 C - a scroll of summoning
 G - a scroll of enchant weapon
 H - a scroll of acquirement
 S - a scroll of fear
 T - a scroll of enchant armour
 V - 3 scrolls of vulnerability
Potions
 g - 2 potions of cancellation
 i - 4 potions of brilliance
 n - 2 potions of heal wounds
 o - a potion of ambrosia
 r - 3 potions of mutation
 s - 3 potions of might
 v - a potion of lignification {unknown}
 w - 2 potions of haste {unknown}
 z - a potion of degeneration {unknown}
 A - a potion of magic
 B - 2 potions of enlightenment {unknown}
 J - 5 potions of curing
 L - a potion of resistance
 W - a potion of berserk rage
Miscellaneous
 m - a sack of spiders (inert)


   Skills:
 - Level 4.0 Fighting
 + Level 9.6 Short Blades
 + Level 8.1 Ranged Weapons
 - Level 5.0 Throwing
 - Level 4.0 Armour
 - Level 10.0 Dodging
 - Level 10.0 Stealth
 - Level 10.0 Spellcasting
 + Level 6.5 Hexes
 + Level 12.5 Translocations
 - Level 5.0 Ice Magic
 - Level 5.0 Invocations
 - Level 5.0 Evocations
 - Level 3.0 Shapeshifting


You had 18 spell levels left.
You knew the following spells:

 Your Spells              Type           Power      Damage    Failure   Level
a - Dimensional Bullseye  Hex/Tloc       20%        N/A       5%          4
b - Manifold Assault      Tloc           50%        N/A       1%          4
f - Freeze                Ice            100%       1d10      3%          1
t - Teleport Other        Tloc           50%        N/A       1%          3
x - Blink                 Tloc           100%       N/A       1%          2

Your spell library contained the following spells:

 Spells                   Type           Power      Damage    Failure   Level
 Apportation              Tloc           100%       N/A       1%          1
 Lesser Beckoning         Tloc           100%       N/A       1%          2
 Jinxbite                 Hex            60%        N/A       2%          2
 Ensorcelled Hibernation  Hex/Ice        56%        N/A       3%          2
 Sigil of Binding         Hex            30%        N/A       5%          3
 Frozen Ramparts          Ice            50%        1d8       10%         3
 Inner Flame              Hex/Fire       19%        N/A       21%         3
 Vhi's Electric Charge    Tloc/Air       58%        N/A       21%         4
 Magic Dart               Conj           32%        1d4       26%         1
 Necrotise                Necr           32%        1d5       26%         1
 Shock                    Conj/Air       32%        1d5       26%         1
 Sting                    Tmut/Pois      32%        1d4       26%         1
 Summon Small Mammal      Summ           32%        N/A       26%         1
 Hailstorm                Conj/Ice       17%        3d6       28%         3
 Cigotuvi's Dreadful Rot  Necr/Pois/Air  16%        N/A       36%         2
 Poisonous Vapours        Pois/Air       16%        N/A       36%         2
 Searing Ray              Conj           16%        2d5       36%         2
 Anguish                  Hex/Necr       9%         N/A       56%         4
 Fulminant Prism          Conj/Hex       9%         3d6       56%         4
 Leda's Liquefaction      Hex/Erth       9%         N/A       56%         4
 Call Canine Familiar     Summ           8%         N/A       61%         3
 Ignite Poison            Fire/Tmut/Pois 8%         N/A       61%         3
 Mephitic Cloud           Conj/Pois/Air  8%         N/A       61%         3
 Swiftness                Air            8%         N/A       61%         3
 Airstrike                Air            4%         2d(1-17)  95%         4
 Flame Wave               Conj/Fire      8%         2d5       95%         4
 Olgreb's Toxic Radiance  Pois           8%         N/A       95%         4
 Sticky Flame             Conj/Fire      8%         2d3       95%         4
 Freezing Cloud           Conj/Ice/Air   7%         6-21      98%         5


Dungeon Overview and Level Annotations

Branches:
Dungeon (10/15)            Temple (1/1) D:5            Lair (5/5) D:9
  Snake (0/4) Lair:3
  Swamp: Lair:2-3    Shoals: Lair:2-3     Slime: Lair:4-5       Orc: D:9-12

Altars:
Ashenzari
Cheibriados
Dithmenos
Elyvilon
Fedhas
Gozag
Hepliaklqana
Kikubaaqudgha
Makhleb
Nemelex Xobeh
Okawaru
Qazlal
Ru
Sif Muna
Trog
Uskayaw
Vehumet
Wu Jian
Xom
Yredelemnul
Zin
The Shining One

Shops:
D:8 *

Annotations:
D:6 1 exclusion
D:9 4 transporters
D:10 exclusions: gnoll and 1 more exclusion
Lair:2 exclusion: ghost crab


Innate Abilities, Weirdness & Mutations

You are very small and have problems with some larger weapons.
You are too small for most types of armour.
You have supernaturally acute eyesight. (SInv)
You cover ground extremely quickly. (Speed+++)


Message History

Aim: a wind drake (moderately wounded, repelling missiles, very poisoned, slow, umbra, 19% to hit)
You throw a poisoned dart.
The poisoned dart barely misses the wind drake.
Throw: 5 darts (poison)
Press: ? - help, Shift-Dir - straight line, f/p - wind drake
Aim: a wind drake (moderately wounded, repelling missiles, very poisoned, slow, umbra, 19% to hit)
You throw a poisoned dart.
The poisoned dart barely misses the wind drake.
Throw: 4 darts (poison)
Press: ? - help, Shift-Dir - straight line, f/p - wind drake
Aim: a wind drake (moderately wounded, repelling missiles, very poisoned, slow, umbra, 19% to hit)
You throw a poisoned dart.
The poisoned dart barely misses the wind drake.
You shoot an arrow. The arrow hits the wind drake!
The wind drake is heavily wounded.
The wind drake exhales a fierce blast of wind!
You are knocked back by the gust of wind.
You shoot an arrow. The arrow barely misses the wind drake.
You shoot an arrow.
The arrow closely misses the wind drake.
You shoot an arrow. The arrow barely misses the wind drake.
You shoot an arrow. The arrow is repelled.
The wind drake exhales a fierce blast of wind!
You are knocked back by the gust of wind.
You shoot an arrow. The arrow barely misses the wind drake.
You shoot an arrow.
The arrow closely misses the wind drake.
The wind drake is no longer moving slowly.
You shoot an arrow. The arrow misses the wind drake.
Your shadow shoots an arrow.
The arrow barely misses the wind drake.
The wind drake flaps its wings at you. The air twists around and strikes you!
You are too injured to fight recklessly!
You are too injured to fight recklessly!
The wind drake flaps its wings at you. The air twists around and strikes you!!
* * * LOW HITPOINT WARNING * * *
The wind drake flaps its wings at you. The air twists around and strikes you!!
You die...

#........##~########.#~~.###
#.......k~~~~~~~~~~~~..~~~.~
.........~~~~~P~P~~~~~.#~~~~
........~##~~##..##.~~~P~~#~
.........~#~.##.~~#~~##~~~#~
.........~.~~.~..~~~~~~~~...
##..........................
#..........................
##........@.............†..
...........................
.#..........................
#..........................
#..........................
#.........................
.........................
........................
#..#####.#####..


You could see a wind drake (repels missiles, poisoned).

Vanquished Creatures
  A hydra (Lair:4)
  A merfolk avatar (Lair:5)
  A boulder beetle (Lair:5)
  A skyshark (Lair:2)
  2 harpies (Lair:5)
  Pikel (D:5)
  5 elephants
  Joseph (D:7)
  2 black mambas
  Maggie (D:6)
  15 cane toads
  9 komodo dragons
  A troll (D:10)
  A wind drake (Lair:5)
  3 polar bears
  3 hornets (Lair:5)
  23 blink frogs
  5 dream sheep
  2 snapping turtles (Lair:5)
  A spectral black mamba (Lair:2)
  19 yaks
  3 spriggans (Lair:2)
  2 shadows
  4 wyverns
  Eustachio (D:4)
  A steam dragon (D:10)
  7 basilisks
  2 spectral komodo dragons (Lair:2)
  A spectral cane toad (Lair:2)
  Menkaure (D:6)
  2 wargs (D:9)
  An acid dragon (D:10)
  A naga (Lair:3)
  11 water moccasins
  Duvessa (D:6)
  A sky beast (D:7)
  4 ice beasts
  A spectral blink frog (Lair:2)
  4 orc warriors
  2 black bears
  14 wolves
  2 ogres (D:5)
  3 lemures (D:5)
  3 centaurs
  The ghost of particleface the Sneak, an amateur TeEn of Ru (D:3)
  3 kobold brigands
  6 bullfrogs
  A gnoll sergeant (D:10)
  5 scorpions
  10 wights
  Dowan (D:6)
  A killer bee (D:6)
  3 howler monkeys
  2 hounds
  8 orc priests
  6 jellies
  Crazy Yiuf (D:3)
  A gnoll bouda (D:10)
  3 sleepcaps
  6 iguanas
  6 orc wizards
  10 gnolls (D:10)
  7 adders
  2 white imps
  2 worms
  2 dart slugs
  26 orcs
  10 ball pythons
  6 bats
  6 endoplasms
  5 giant cockroaches
  3 goblins
  7 hobgoblins
  3 jackals (D:1)
  14 kobolds
  3 quokkas
  2 training dummies (D:4)
  10 frilled lizards
  6 rats
  A butterfly (Lair:4)
359 creatures vanquished.

Vanquished Creatures (collateral kills)
  A sea snake (Lair:4)
  A komodo dragon (Lair:5)
  2 yaks
  A water moccasin (Lair:5)
  A phantom (D:5)
6 creatures vanquished.

Vanquished Creatures (others)
  4 yaks
  A dart slug (D:5)
5 creatures vanquished.

Grand Total: 370 creatures vanquished

Notes
Turn   | Place    | Note
-------+----------+-------------------------------------------
     0 | D:1      | Lobster4 the Spriggan Warper began the quest for the Orb.
     0 | D:1      | Reached XP level 1. HP: 10/10 MP: 5/5
    53 | D:1      | Found a faded altar of an unknown god.
    72 | D:1      | Got Plato's Octavo of the Deep Freeze
   244 | D:1      | Reached XP level 2. HP: 15/15 MP: 6/6
   247 | D:1      | Learned a level 2 spell: Blink
   316 | D:1      | Reached skill level 1 in Stealth
   756 | D:1      | Reached XP level 3. HP: 11/18 MP: 8/8
  1425 | D:2      | Reached skill level 1 in Evocations
  1973 | D:3      | Noticed particleface's ghost (amateur TeEn)
  1973 | D:3      | Found a runed translucent door.
  1976 | D:3      | Learned a level 1 spell: Freeze
  2005 | D:3      | Reached XP level 4. HP: 23/23 MP: 9/9
  2539 | D:3      | Found a runed translucent door.
  2540 | D:3      | Noticed Crazy Yiuf
  2683 | D:4      | You fall into a shaft and drop 3 floors!
  2755 | D:7      | Noticed a centaur
  2772 | D:7      | Killed a centaur
  2773 | D:7      | Reached skill level 5 in Translocations
  2773 | D:7      | Reached XP level 5. HP: 6/26 MP: 10/10
  3039 | D:5      | Entered Level 5 of the Dungeon
  3039 | D:5      | Noticed an ice beast
  3041 | D:5      | Noticed a phantom
  3056 | D:5      | Killed a phantom
  3057 | D:5      | Reached skill level 1 in Ice Magic
  3057 | D:5      | Reached XP level 6. HP: 8/30 MP: 12/12
  3218 | D:5      | Reached skill level 1 in Ranged Weapons
  3313 | D:4      | Noticed Eustachio
  3443 | D:5      | Reached XP level 7. HP: 35/35 MP: 13/13
  3548 | D:5      | Learned a level 3 spell: Teleport Other
  3670 | D:4      | Reached skill level 6 in Translocations
  3685 | D:4      | Reached skill level 5 in Dodging
  3976 | D:3      | Killed Crazy Yiuf
  4161 | D:4      | Killed Eustachio
  4162 | D:4      | Reached XP level 8. HP: 35/39 MP: 15/15
  4430 | D:4      | Identified the +1 leather armour of the Old and Reckless
                  | {Fly rC++ rN+ Int+4}
  4621 | D:4      | Reached skill level 5 in Stealth
  4827 | D:5      | Noticed Pikel
  4970 | D:5      | Found a staircase to the Ecumenical Temple.
  4974 | Temple   | Entered the Ecumenical Temple
  4993 | Temple   | Became a worshipper of Dithmenos the Shadowed
  5385 | D:5      | Killed Pikel
  5386 | D:5      | Reached skill level 5 in Short Blades
  5386 | D:5      | Reached skill level 5 in Spellcasting
  5386 | D:5      | Reached skill level 7 in Translocations
  5386 | D:5      | Reached skill level 1 in Invocations
  5520 | D:5      | Reached XP level 9. HP: 42/42 MP: 16/18
  5594 | D:6      | Noticed Menkaure
  5657 | D:6      | HP: 2/42 [poisoned by a water moccasin]
  6029 | D:6      | Noticed Dowan
  6050 | D:6      | Got the Vellum of the Assassin
  6211 | D:6      | Noticed Maggie
  6253 | D:6      | Killed Maggie
  6691 | D:6      | Killed Menkaure
  6846 | D:6      | Noticed Duvessa
  7075 | D:6      | Found a runed translucent door.
  7082 | D:6      | Found a runed translucent door.
  7509 | D:7      | Reached skill level 8 in Translocations
  7678 | D:7      | Noticed Joseph
  8209 | D:8      | Found Megh's Fire Supplies.
  8589 | D:8      | Identified the +7 quarterstaff "Feseypna" {heavy, *Noise
                  | *Corrode rC++ MP+9}
  8594 | D:8      | Reached * piety under Dithmenos
  8751 | D:8      | Reached XP level 10. HP: 48/48 MP: 20/20
  8959 | D:9      | Found a transporter.
  9147 | D:9      | Found a transporter.
  9575 | D:8      | Learned a level 4 spell: Dimensional Bullseye
  9614 | D:9      | Found a transporter.
 10148 | D:9      | Found a staircase to the Lair.
 10173 | D:9      | Found a transporter.
 10461 | D:9      | Reached skill level 1 in Hexes
 10514 | D:9      | Reached skill level 5 in Throwing
 11058 | D:9      | Found a sparkling altar of Nemelex Xobeh.
 11141 | D:10     | Entered Level 10 of the Dungeon
 11280 | D:10     | Found a radiant altar of Vehumet.
 11867 | D:10     | Reached skill level 9 in Translocations
 12053 | D:10     | Reached skill level 5 in Evocations
 12138 | D:10     | Reached ** piety under Dithmenos
 12307 | D:10     | Reached skill level 5 in Ranged Weapons
 12802 | D:10     | Noticed a gargoyle
 12917 | D:10     | Noticed an entropy weaver
 13063 | D:6      | Killed Duvessa
 13236 | D:3      | Killed particleface's ghost
 13651 | D:6      | Killed Dowan
 13714 | D:6      | Found a runed translucent door.
 13716 | D:6      | Found a runed translucent door.
 14105 | D:6      | Reached XP level 11. HP: 52/52 MP: 22/22
 14304 | D:7      | Killed Joseph
 14905 | Lair:1   | Entered Level 1 of the Lair of Beasts
 15085 | D:9      | Reached skill level 1 in Armour
 15601 | Lair:1   | Identified 2 scrolls of acquirement
 15601 | Lair:1   | Acquired the +0 hat of Turhuxuss {rElec Will+}
 16211 | Lair:1   | Reached *** piety under Dithmenos
 16359 | Lair:1   | Reached skill level 5 in Invocations
 16834 | Lair:2   | Learned a level 4 spell: Manifold Assault
 16910 | Lair:2   | Reached skill level 10 in Translocations
 18001 | Lair:2   | Reached skill level 10 in Stealth
 18018 | Lair:2   | Reached XP level 12. HP: 58/58 MP: 25/25
 18020 | Lair:2   | Noticed a ghost crab
 18682 | Lair:3   | Reached skill level 5 in Hexes
 20269 | Lair:3   | Reached skill level 11 in Translocations
 20269 | Lair:3   | Found a staircase to the Snake Pit.
 20806 | Lair:4   | Noticed a four-headed hydra
 21160 | Lair:4   | Killed a four-headed hydra
 21160 | Lair:4   | Reached **** piety under Dithmenos
 21161 | Lair:4   | Reached skill level 10 in Dodging
 22367 | Lair:5   | Entered Level 5 of the Lair of Beasts
 23362 | Lair:5   | Reached skill level 1 in Shapeshifting
 23409 | Lair:5   | Reached XP level 13. HP: 57/61 MP: 27/27
 23857 | Lair:5   | Reached skill level 12 in Translocations
 24927 | Lair:4   | Reached skill level 10 in Spellcasting
 25631 | Lair:5   | Reached skill level 5 in Ice Magic
 25700 | Lair:5   | Killed from afar by a wind drake

Illustrated notes

Levels and vault maps discovered:
D:1:      tarquinn_simple_flora_water_a, layout_loops_cross,
          shapermc_ecumenical_altar_rom_forum, minmay_misc_feat_pillars,
          minmay_tromino_v2
D:2:      layout_basic
D:3:      layout_loops_ring, gammafunk_ghost_grave, uniq_crazy_yiuf_cottage
D:4:      dreamdust_elfheim, layout_rooms, minmay_pentangle, uniq_eustachio
D:5:      layout_rooms, temple_hall_moat, portal_sewer_entry_d, uniq_pikel
D:6:      lemuel_insect_pit, layout_basic, grunt_decor_arrowhead,
          item_on_display_a, uniq_menkaure, uniq_duvessa, uniq_maggie
D:7:      layout_loops_ring, uniq_joseph
D:8:      layout_rooms, nicolae_shop_fire_sale [nicolae_sub_dead_trees],
          dreamdust_mushroom_princess, minivault_23, minmay_radiant
D:9:      layout_layer_cave, mainiacjoe_overflow_alcove_4,
          erik_lair_orcish_takeover, nicolae_transporter_intersection
D:10:     kennysheep_windowed_halls, layout_layer_cave, vehumet_altar_wand_db,
          hangedman_decor_peaks_small
Temple:   nicolae_temple_slightly_damp_pantheon
Lair:1:   layout_regular_city, grunt_megastairs_3
Lair:2:   layout_small_grid, nicolae_swamp_entry_spooky, st_stairs_6,
          wad_woods_02
Lair:3:   layout_roguey, guppyfry_snake_entry_garden
Lair:4:   layout_regular_city, lemuel_fruit_fields
Lair:5:   gammafunk_lair_ancient_temple, layout_regular_city,
          nicolae_slime_entry_slimehenge

Skill      XL: |  1  2  3  4  5  6  7  8  9 10 11 12 13 |
---------------+----------------------------------------+-----
Stealth        | 1 2 3 4 6 7 8 10 | 10.0
Fighting       | 2 3 4 |  4.0
Spellcasting   | 3 4 5 6 7 8 9 10 | 10.0
Evocations     | 1 2 3 5 |  5.0
Short Blades   | 3 4 5 6 7 9 |  9.6
Dodging        | 4 5 6 7 8 9 10 | 10.0
Translocations | 5 6 7 8 9 10 11 12 | 12.5
Throwing       | 2 3 4 5 |  5.0
Ice Magic      | 1 2 3 4 5 |  5.0
Ranged Weapons | 1 2 3 4 5 6 7 8 |  8.1
Invocations    | 1 3 4 5 |  5.0
Hexes          | 2 4 5 6 |  6.5
Armour         | 2 4 |  4.0
Shapeshifting  | 1 3 |  3.0

Action                     |  1- 3 |  4- 6 |  7- 9 | 10-12 | 13-15 || total
---------------------------+-------+-------+-------+-------+-------++-------
  Melee: Short sword       |   171 |    63 |       |       |       ||   234
         Punch             |     1 |       |       |     3 |       ||     4
         Dagger            |       |       |     2 |   203 |    52 ||   257
         Orcbow            |       |       |       |    10 |       ||    10
   Fire: Orcbow            |       |    18 |   423 |  1068 |   212 ||  1721
  Throw: Dart              |    13 |    28 |     7 |   103 |    66 ||   217
         Stone             |       |     4 |       |       |       ||     4
         Throwing net      |       |       |       |     3 |       ||     3
   Cast: Blink             |       |     1 |     1 |       |       ||     2
         Freeze            |       |       |     6 |       |     3 ||     9
         Teleport Other    |       |       |     2 |    12 |     1 ||    15
         Dimensional Bulls |       |       |       |     3 |       ||     3
         Manifold Assault  |       |       |       |    34 |    14 ||    48
  Evoke: Wand              |       |     6 |    17 |    23 |       ||    46
         Sack of spiders   |       |       |       |       |     1 ||     1
    Use: Scroll            |       |     8 |     3 |    12 |       ||    23
         Potion            |       |       |     2 |       |       ||     2
   Stab: Sleeping          |     5 |     3 |     2 |     9 |       ||    19
         Invisible         |       |       |       |     1 |       ||     1
         Held in net/web   |       |       |       |     1 |       ||     1
 Armour: Robe              |    36 |    26 |    60 |   128 |    21 ||   271
         Acid dragon scale |       |       |       |    69 |       ||    69
         Swamp dragon scal |       |       |       |       |    30 ||    30
  Dodge: Dodged            |   102 |    73 |   157 |   786 |   170 ||  1288

Table legend: (Time is in decaauts)
 A = Elapsed time spent in this place.
 B = Non-inter-level travel time spent in this place.
 C = Inter-level travel time spent in this place.
 D = Time resting spent in this place.
 E = Time spent auto-exploring this place.
 F = Levels seen in this place.
 G = Mean time per level.
                   A        B        C        D        E       F      G
               +--------+--------+--------+--------+--------+-----+--------+
         Total |  20027 |  19151 |    876 |   5592 |   7471 |  16 | 1251.7 |
       Dungeon |  11299 |  10632 |    667 |   2245 |   4718 |  10 | 1129.9 |
        Temple |     24 |      3 |     21 |      0 |      0 |   1 |   24.0 |
          Lair |   8703 |   8516 |    187 |   3347 |   2753 |   5 | 1740.6 |
               +--------+--------+--------+--------+--------+-----+--------+

Top non-repeatable levels by time:
  Lair:4: 2231 daAuts
     D:6: 2088 daAuts
     D:9: 1974 daAuts
  Lair:5: 1940 daAuts
  Lair:1: 1678 daAuts
  Lair:2: 1499 daAuts
  Lair:3: 1353 daAuts
    D:10: 1208 daAuts
     D:7: 1086 daAuts
     D:8: 1082 daAuts
     D:5: 1055 daAuts
     D:3: 757 daAuts
     D:4: 689 daAuts
     D:2: 685 daAuts
     D:1: 671 daAuts
